 Dungeon Crawl Stone Soup version 0.29.1-12-g30fa7ad0bf (webtiles) character file.

Game seed: 2639976455772331635

95 melloss the Sneak (level 4, 0/21 HPs)
             Began as a Spriggan Enchanter on Dec 23, 2022.
             Killed by nerve-wracking pain
             ... invoked by a shadow imp
              (8 damage)
             ... on level 4 of the Dungeon.
             The game lasted 00:09:42 (2982 turns).

melloss the Sneak (Spriggan Enchanter)              Turns: 2982, Time: 00:09:43

Health: 0/21       AC:  2    Str:  4    XL:     4   Next: 40%
Magic:  9/9        EV: 19    Int: 16    God:
Gold:   182        SH:  0    Dex: 17    Spells: 6/8 levels left

rFire   . . .      SeeInvis +   r - +0 rapier
rCold   . . .      Faith    .   (no shield)
rNeg    . . .      Spirit   .   b - +0 robe
rPois   .          Reflect  .   (helmet restricted)
rElec   .          Harm     .   (no cloak)
rCorr   .          Rampage  .   (gloves unavailable)
Will    .....                   (boots unavailable)
Stlth   +++.......              (no amulet)
HPRegen 0.07/turn               s - ring of wizardry
MPRegen 0.11/turn               (no ring)

@: very quick
A: very small, no large weapons, unfitting armour, see invisible, speed 3
a: no special abilities


You were on level 4 of the Dungeon.
You visited 1 branch of the dungeon, and saw 4 of its levels.

You collected 182 gold pieces.

Inventory:

Hand Weapons
 a - a +1 dagger
 r - a +0 rapier (weapon)
Armour
 b - a +0 robe (worn)
 l - a +0 buckler
Jewellery
 f - an amulet of faith
 k - an amulet of guardian spirit
 m - a ring of fire
 s - a ring of wizardry (left hand)
Scrolls
 d - a scroll of enchant weapon {unknown}
 e - 4 scrolls of identify {unknown}
 h - a scroll of immolation {unknown}
 i - a scroll of magic mapping {unknown}
 j - a scroll of teleportation {unknown}
 o - a scroll of poison {unknown}
 q - 2 scrolls of enchant armour {unknown}
Potions
 c - 2 potions of invisibility
 g - a potion of haste {unknown}
 n - a potion of mutation {unknown}
 p - a potion of brilliance {unknown}
 t - a potion of heal wounds {unknown}


   Skills:
 - Level 1.1 Short Blades
 + Level 4.8 Dodging
 + Level 6.5 Stealth
 - Level 2.6 Spellcasting
 - Level 3.6 Hexes


You had 6 spell levels left.
You knew the following spells:

 Your Spells              Type           Power      Damage    Failure   Level
a - Ensorcelled Hibernat  Hex/Ice        14%        N/A       6%          2

Your spell library contained the following spells:

 Spells                   Type           Power      Damage    Failure   Level
 Confusing Touch          Hex            13%        N/A       5%          3
 Tukima's Dance           Hex            13%        N/A       5%          3
 Passwall                 Tmut/Erth      1%         N/A       12%         2
 Dazzling Flash           Conj/Hex       14%        N/A       12%         3
 Ignite Poison            Fire/Tmut/Pois 2%         N/A       22%         3
 Mephitic Cloud           Conj/Pois/Air  2%         N/A       22%         3
 Swiftness                Air            2%         N/A       22%         3
 Freezing Cloud           Conj/Ice/Air   1%         6-21      88%         5


Dungeon Overview and Level Annotations

Branches:
Dungeon (4/15)
 Temple: D:4-7

Altars:
Makhleb
Xom


Innate Abilities, Weirdness & Mutations

You are very small and have problems with some larger weapons.
You are too small for most types of armour.
You have supernaturally acute eyesight. (SInv)
You cover ground extremely quickly. (Speed+++)


Message History

You impale the kobold!!
You kill the kobold!
r - a +0 rapier (weapon)
You see here a +0 club.
You pick up a book of Burglary and begin reading...
You add the spells Passwall and Swiftness to your library.
You see here a +0 club.
There is a stone staircase leading down here.
You see here a +0 mace.
A giant cockroach comes into view.
The helpless giant cockroach fails to defend itself.
You impale the giant cockroach!!
You kill the giant cockroach!
You open the door.
There is an open door here.
Done exploring.
There is a stone staircase leading down here.
You climb downwards.
Found 2 scrolls labelled WAWOXIQAZO.
There is a stone staircase leading up here.
Press: ? - help, v - describe, . - travel The floor, spattered with blood.
Found an escape hatch in the floor.
The shadow imp shouts, "Give up, thou paunchy rump-fed supper-setting!"
You barely miss the shadow imp. The shadow imp gestures at you.
You struggle to resist.
You barely miss the shadow imp. The shadow imp misses you.
The shadow imp splashes around in the water.
You barely miss the shadow imp. The shadow imp completely misses you.
You puncture the shadow imp!
The shadow imp is almost dead.
The shadow imp gestures at you. Pain shoots through your body!
Ouch! That really hurt!
You hit the shadow imp but do no damage.
The shadow imp is severely wounded.
The shadow imp gestures at you. Pain shoots through your body!
You die...

## ######.# ..
#<.....# #.
#..#####.#
#..#......>.#
###♣..~.P....##
.....~~@♣..#.#
###P~~~5....?#
#..~~~.#####
#....~~~..
#.#...~..##
#.##......
#######


You could see a shadow imp.

Vanquished Creatures
  2 adders
  2 worms
  3 dart slugs
  7 ball pythons
  3 bats
  3 endoplasms (D:2)
  2 giant cockroaches
  5 goblins (D:1)
  3 hobgoblins
  8 jackals
  9 kobolds
  4 quokkas
  2 frilled lizards (D:1)
  6 rats
59 creatures vanquished.

Notes
Turn   | Place    | Note
-------+----------+-------------------------------------------
     0 | D:1      | melloss the Spriggan Enchanter began the quest for the Orb.
     0 | D:1      | Reached XP level 1. HP: 9/9 MP: 5/5
   101 | D:1      | Reached XP level 2. HP: 7/13 MP: 6/6
   113 | D:1      | Reached skill level 5 in Stealth
   116 | D:1      | Learned a level 2 spell: Ensorcelled Hibernation
   655 | D:1      | Found a faded altar of an unknown god.
   820 | D:1      | Reached XP level 3. HP: 16/16 MP: 8/8
  1224 | D:2      | Found a burning altar of Makhleb.
  1237 | D:2      | Reached skill level 6 in Stealth
  1548 | D:2      | Reached XP level 4. HP: 12/21 MP: 2/9
  2156 | D:3      | Found a shimmering altar of Xom.
  2982 | D:4      | Killed from afar by a shadow imp

Illustrated notes

Levels and vault maps discovered:
D:1:      dpeg_arrival_chambers_temple_mockup, layout_rooms,
          hellmonk_ecumenical_altar_inner_sanctum,
          chequers_serial_rivers_micro_a
D:2:      layout_rooms, basic_altar, minmay_crystal_water, interstate_on_off,
          minmay_ruptured
D:3:      layout_basic, lemuel_coloured_pillars_altar, grunt_decor_arrowhead
D:4:      layout_basic, minmay_temple_entry_oklob, serial_demonic,
          serial_demonic_f, serial_demonic_c, serial_demonic_b,
          serial_demonic_e, serial_demonic_e, serial_demonic_b, serial_shops,
          nicolae_lakefront_shop, eino_tiny_chamber

Skill      XL: |  1  2  3 |
---------------+----------+-----
Dodging        | 3 4 |  4.8
Stealth        | 5 6 |  6.5
Short Blades   | |  1.1
Spellcasting   | |  2.6
Hexes          | |  3.6

Action                   |  1- 3 |  4- 6 || total
-------------------------+-------+-------++-------
Melee: Dagger            |   152 |    32 ||   184
       Punch             |     1 |     1 ||     2
       Rapier            |       |     6 ||     6
 Cast: Ensorcelled Hiber |    19 |     7 ||    26
 Stab: Sleeping          |    17 |     7 ||    24
Armor: Robe              |    20 |     1 ||    21
Dodge: Dodged            |   123 |    20 ||   143
